[Event "Live Chess"]
[Site "Chess.com"]
[Date "2024.06.01"]
[Round "-"]
[White "updatedopenings2024"]
[Black "SavagePawn7"]
[Result "1-0"]
[WhiteElo "1786"]
[BlackElo "685"]
[TimeControl "300"]
[EndTime "10:05:45 PDT"]
[Termination "updatedopenings2024 won by resignation"]

1. g3 d5 2. Bg2 Nf6 3. Nf3 Nc6 4. O-O e5 5. d4 Bd6 6. dxe5 Nxe5 7. Nxe5 Bxe5 8. c4 c6 9. cxd5 cxd5 10. Nc3 O-O 11. Nxd5 Nxd5 12. Qxd5 Qxd5 13. Bxd5 Bf5 14. e4 Bg6 15. f4 Bc7 16. b3 Rfe8 17. f5 Bh5 18. Be3 Be2 19. Rfc1 Bb6 20. Kf2 Ba6 21. Bxb6 axb6 22. Rc7 Rf8 23. a4 Rac8 24. Rac1 g6 25. Bxf7+ Rxf7 26. Rxc8+ Kg7 27. R1c7 Rxc7 28. Rxc7+ Kh6 29.
Ke3 Bf1 30. Rxb7 Bg2 31. Rxb6 Kg5 32. a5 Bf1 33. a6 1-0

[Event "Live Chess"]
[Site "Chess.com"]
[Date "2024.06.01"]
[Round "-"]
[White "MagnersCarlsberg2870"]
[Black "PureDashingOctopus"]
[Result "0-1"]
[WhiteElo "1890"]
[BlackElo "2209"]
[TimeControl "300"]
[EndTime "10:05:58 PDT"]
[Termination "PureDashingOctopus won by resignation"]

1. Nf3 Nf6 2. g3 g6 3. Bg2 Bg7 4. d3 O-O 5. e4 d6 6. Nbd2 c5 7. O-O Nc6 8. Re1 d5 9. e5 Ng4 10. h3 Ngxe5 11. Nxe5 Nxe5 12. Nf3 Nxf3+ 13. Qxf3 e6 14.
h4 h5 15. Bg5 Qb6 16. Rab1 Bd7 17. g4 hxg4 18. Qxg4 Qb4 19. f4 Qd4+ 20. Kh1 f6 21. Bh6 Bxh6 22. Qxg6+ Bg7 23. Rg1 Qxf4 24. Bxd5 Qxh4+ 25.
Kg2 exd5 26. Kf1 Rf7 0-1

[Event "Live Chess"]
[Site "Chess.com"]
[Date "2024.06.01"]
[Round "-"]
[White "TC2304"]
[Black "Pedrada88"]
[Result "0-1"]
[WhiteElo "2345"]
[BlackElo "2552"]
[TimeControl "300"]
[EndTime "10:06:00 PDT"]
[Termination "Pedrada88 won on time"]

1. d4 Nf6 2. Nf3 b6 3. Bg5 Ba6 4. Nbd2 d5 5. Rc1 e6 6. a3 h6 7. Bh4 Be7 8. c4 dxc4 9. Nxc4 O-O 10. e3 c5 11. Be2 Nc6 12. O-O cxd4 13. exd4 Bb7 14.
Nce5 Rc8 15. Nxc6 Rxc6 16. Rxc6 Bxc6 17. Ne5 Bb7 18. Qa4 a5 19. Rc1 Nd5 20. Bxe7 Qxe7 21. Bf3 Qg5 22. Rd1 Rc8 23. Qd7 Rc7 24. Qe8+ Kh7 25.
Qb5 f5 26. g3 Ne3 27. Re1 Nc2 28. Bxb7 Nxe1 29. f4 Qd8 30. Nc6 Qd5 31. Qxd5 exd5 32. Ba8 Nd3 33. b4 axb4 34. axb4 b5 35. Kf1 g5 36.
Ne5 Nxe5 37. dxe5 d4 38. Ke2 Rc4 39. Kd3 Kg6 40. Bd5 Rxb4 41. Bc6 Kf7 42. h4 gxh4 43. gxh4 Ke6 44. Bb7 Kd7 45. h5 Rc4 46. Ba6 Rc5 47.
Kxd4 Kc6 48. Bb7+ Kb6 49. Bc8 Rxc8 50. e6 Kc6 51. Ke5 b4 52. Kxf5 b3 53. Kf6 b2 54.
e7 b1=Q 55. f5 Qb2+ 56. Kf7 Qh8 57. f6 Qe8+ 58. Ke6 Qg8+ 59. f7 Qh8 60. f8=Q Rxf8 61. exf8=Q Qxf8 62. Ke5 Qe8+ 63. Kf5 Qxh5+ 64. Kf6 Qg5+ 0-1

[Event "Live Chess"]
[Site "Chess.com"]
[Date "2024.06.01"]
[Round "-"]
[White "bill77678"]
[Black "Kyrylo7770"]
[Result "1-0"]
[WhiteElo "1812"]
[BlackElo "1704"]
[TimeControl "300"]
[EndTime "10:06:01 PDT"]
[Termination "bill77678 won by checkmate"]

1. e4 c6 2. d4 d5 3. exd5 cxd5 4. Bd3 Nf6 5. c3 Bg4 6. Qb3 b6 7. Bf4 e6 8. Nd2 Bd6 9. Bxd6 Qxd6 10. Ngf3 O-O 11.
O-O Nbd7 12. Rfe1 Bxf3 13. Nxf3 Nh5 14. Qc2 g6 15. g3 Ndf6 16. Ne5 Qd8 17. Qe2 Nd7 18.
Nc6 Qc7 19. Nb4 a5 20. Nc2 Nhf6 21. Qf3 h5 22. Re2 a4 23. Rae1 Ng4 24. h3 Ngf6 25. a3 Kg7 26. Nb4 Rh8 27. Bb1 h4 28. g4 Nh5 29. Nd3 Raf8 30. gxh5 Rxh5 31. Ne5 Rg5+ 32. Kh1 Rf5 33. Bxf5 exf5 34. Qxd5 Nxe5 35. Qxe5+ Qxe5 36. Rxe5 Kf6 37. Rb5 Rb8 38. Ree5 Rb7 39. Rb4 b5 40. Rexb5 Re7 41. Kg2 Re2 42. Rxa4 f4 43. Kf3 Re1 44. Ra6+ Kg7 45. Kxf4 f6 46. Rb7+ Kh6 47. Rxf6 Kh5 48. Rb5+ Kh6 49. Rbb6 Kg7 50. Rxg6+ Kf7 51. Rbf6+ Ke7 52.
Re6+ Rxe6 53. Rxe6+ Kxe6 54. Kg4 Kd5 55. Kxh4 Kc4 56.
Kg5 Kb3 57. d5 Kxb2 58. d6 Kxa3 59. d7 Kb3 60. d8=Q Kxc3 61. Kf4 Kc4 62. Ke4 Kc5 63.
Qd5+ Kb6 64. Kd4 Kc7 65. Kc5 Kb8 66. Qf7 Kc8 67. Kc6 Kb8 68. Qb7# 1-0

[Event "Live Chess"]
[Site "Chess.com"]
[Date "2024.06.01"]
[Round "-"]
[White "SvitlanaJ"]
[Black "Grace6363"]
[Result "1-0"]
[WhiteElo "593"]
[BlackElo "1121"]
[TimeControl "300"]
[EndTime "10:06:01 PDT"]
[Termination "SvitlanaJ won by checkmate"]

1. e4 c5 2. d4 cxd4 3. Qxd4 Nc6 4. Qe3 e6 5. Bb5 a6 6. Bxc6 bxc6 7. e5 f6 8. Nf3 Be7 9. O-O Nh6 10. h3 Nf5 11. Qc3 Qb6 12. exf6 Bxf6 13. Qe1 Ng3 14. Bg5 Nxf1 15. Qxf1 Bxb2 16. Qe2 Bxa1 17. Ne5 Qxb1+ 18. Kh2 Bxe5+ 19. Qxe5 Qb5 20. Qxg7 Qf5 21. Qe7# 1-0

[Event "Live Chess"]
[Site "Chess.com"]
[Date "2024.06.01"]
[Round "-"]
[White "Keithdfg"]
[Black "FlyingChessKestrel13"]
[Result "1/2-1/2"]
[WhiteElo "1768"]
[BlackElo "2095"]
[TimeControl "300"]
[EndTime "10:06:04 PDT"]
[Termination "Game drawn - insufficient material"]

1. Nf3 e6 2. g3 d5 3. Bg2 c6 4. O-O Nf6 5. d4 Be7 6. Nbd2 O-O 7. c4 Nbd7 8. b3 a5 9. Bb2 a4 10. Qc2 axb3 11. axb3 Rxa1 12. Rxa1 b6 13. e4 dxe4 14. Nxe4 Bb7 15. Ne5 Nxe5 16. dxe5 Nxe4 17. Bxe4 g6 18.
Rd1 Qc7 19. f4 Rd8 20. Rxd8+ Qxd8 21. Qd3 Qxd3 22. Bxd3 c5 23. Bc3 Bf3 24. Bc2 Kf8 25. Kf2 Bc6 26. Bd2 Ke8 27. Be3 Kd7 28. Bd1 b5 29.
Be2 bxc4 30. bxc4 Ba4 31. h4 Kc7 32. h5 Bb3 33. g4 Kb6 34. Kf3 Bh4 35. Bd2 Be7 36.
Bd3 Bd1+ 37. Kg3 gxh5 38. g5 Bb3 39. Kh4 Bf8 40. Kxh5 Bg7 41. Bc3 Kc7 42. f5 exf5 43. Bxf5 Bxc4 44. Bxh7 Be6 45. Be4 c4 46. g6 Kb6 47. gxf7 Bxf7+ 48. Bg6 Bxg6+ 49. Kxg6 Bxe5 50. Bxe5 c3 51. Bxc3 1/2-1/2

[Event "Live Chess"]
[Site "Chess.com"]
[Date "2024.06.01"]
[Round "-"]
[White "akp42"]
[Black "Colm_Buckley"]
[Result "1-0"]
[WhiteElo "2000"]
[BlackElo "1791"]
[TimeControl "300"]
[EndTime "10:06:14 PDT"]
[Termination "akp42 won on time"]

1. e4 e6 2. d4 d5 3. e5 c5 4. c3 Nc6 5. Nf3 Bd7 6. Bd3 cxd4 7.
O-O dxc3 8. bxc3 Nge7 9. c4 dxc4 10. Bxc4 Nf5 11. Nc3 Be7 12. Ne4 O-O 13. Bb2 Na5 14.
Bd3 Bc6 15. Qe2 b6 16. Rfd1 Qc7 17. Rac1 Qb7 18. Nd6 Bxf3 19. gxf3 Bxd6 20. Be4 Qe7 21. Bxa8 Rxa8 22. exd6 Nxd6 23. Qe5 Nf5 24. Rc7 Qg5+ 25. Kh1 Qf6 26. Qxf6 gxf6 27. Bxf6 h5 28. Rdd7 Rf8 29. Rxa7 Nc6 30. Rab7 Nb4 31. a3 Nd5 32. Kg2 Nh6 33. Bg5 Nf5 34. Be3 Ndxe3+ 35. fxe3 Nxe3+ 36. Kf2 Nd5 37. Kg3 Kg7 38. Kh4 Kg6 39. Ra7 Nf6 40.
Rdb7 Nd5 41. Ra4 Rc8 42. Raa7 Rc2 43. Rxf7 Rxh2+ 44. Kg3 Rb2 45. Rg7+ Kf5 46. Raf7+ Ke5 47. Rg5+ Kd6 48. Rxh5 Ra2 49. Ra7 1-0

[Event "Live Chess"]
[Site "Chess.com"]
[Date "2024.06.01"]
[Round "-"]
[White "Bob2pen"]
[Black "CarmelJane"]
[Result "0-1"]
[WhiteElo "1818"]
[BlackElo "2115"]
[TimeControl "300"]
[EndTime "10:06:17 PDT"]
[Termination "CarmelJane won by resignation"]

1. e4 g6 2. d4 Bg7 3. c4 c5 4. d5 d6 5. Nc3 Nf6 6. f3 O-O 7. Be3 a6 8. Qd2 e6 9. h4 exd5 10. cxd5 Nh5 11. g4 Ng3 12. Rh3 Nxf1 13. Kxf1 Nd7 14. h5 Ne5 15. hxg6 fxg6 16. Qh2 Nxg4 17.
Qe2 Nxe3+ 18. Qxe3 Bxh3+ 0-1

[Event "Live Chess"]
[Site "Chess.com"]
[Date "2024.06.01"]
[Round "-"]
[White "powerchs"]
[Black "A3ndrey9"]
[Result "1-0"]
[WhiteElo "1242"]
[BlackElo "1259"]
[TimeControl "300"]
[EndTime "10:06:28 PDT"]
[Termination "powerchs won on time"]

1. e4 c6 2. d4 d5 3. Nc3 dxe4 4.
Nxe4 Bf5 5. Ng3 Bg6 6. Nf3 Nf6 7. Ne5 Be4 8. Nxe4 Nxe4 9. Bc4 e6 10. O-O Be7 11. c3 O-O 12. Bd3 Nf6 13. h4 Nbd7 14.
Nxd7 Qxd7 15. h5 h6 16. Bd2 c5 17. Qc2 cxd4 18. c4 Rac8 19. b3 b5 20. Rae1 bxc4 21. bxc4 Nxh5 22. Re4 Nf6 23. Rf4 Nd5 24. Rf3 Bb4 25. Bxh6 gxh6 26. Rg3+ Kh8 27. Qc1 Ne3 28. fxe3 1-0

[Event "Live Chess"]
[Site "Chess.com"]
[Date "2024.06.01"]
[Round "-"]
[White "KyryloPoluliakh"]
[Black "TigerTank70"]
[Result "0-1"]
[WhiteElo "1479"]
[BlackElo "2172"]
[TimeControl "300"]
[EndTime "10:06:35 PDT"]
[Termination "TigerTank70 won by checkmate"]

1. c4 e5 2. Nc3 Nc6 3. g3 Nf6 4. Bg2 Bc5 5. e3 d6 6. Nge2 a5 7. d4 Bb6 8. O-O Bg4 9. h3 Bf5 10.
a3 h5 11. Nd5 Qd7 12. Nxb6 cxb6 13. Kh2 Ne4 14. Nc3 Ng5 15. h4 Nh7 16. Nd5 Qd8 17. f4 Bg4 18. Qd3 O-O 19. Be4 Nf6 20.
Nxf6+ Qxf6 21. fxe5 Qe7 22. exd6 Qxd6 23. b3 Rad8 24.
Bb2 Rfe8 25. Rf2 Qe7 26. Bd5 Be6 27. e4 b5 28. Bxe6 Qxe6 29. d5 Qg6 30. Qc3 Ne5 31.
Kg2 Qxe4+ 32. Kg1 b4 33. axb4 axb4 34. Qxb4 Nf3+ 35. Kf1 Qd3+ 36. Kg2 Re3 37. Raf1 Nd4 38. Bxd4 Rxg3+ 39. Kh1 Rh3+ 40. Kg1 Qxd4 41. Qd2 Rg3+ 42.
Kh2 Qxh4# 0-1

[Event "Live Chess"]
[Site "Chess.com"]
[Date "2024.06.01"]
[Round "-"]
[White "missedJariChance"]
[Black "LL220284LL"]
[Result "0-1"]
[WhiteElo "1342"]
[BlackElo "2575"]
[TimeControl "300"]
[EndTime "10:06:52 PDT"]
[Termination "LL220284LL won by resignation"]

1. b3 c5 2. Bb2 d6 3. e3 Bf5 4.
Nf3 Nd7 5. d4 Ngf6 6. Be2 h6 7. Nbd2 e6 8. O-O Be7 9. c4 O-O 10. dxc5 dxc5 11. Rc1 Qc7 12. Nh4 Bh7 13. Ndf3 Rad8 14. Bd3 Ne4 15. Bxe4 Bxe4 16. Qe2 Nf6 17. Ne5 Bd6 18. Nhf3 Nd7 19. Nxd7 Rxd7 20. Rfd1 Bxf3 21. Qxf3 Bxh2+ 22. Kh1 Bd6 23. Qg4 g6 24. Qf3 Be7 25.
Qh3 Kh7 26. Qg4 Rxd1+ 27. Rxd1 Rd8 28. Qe2 Bf8 29. Ba1 Bg7 30. Bxg7 Kxg7 31. Qb2+ Kh7 32.
Rd2 Kg8 33. g3 Qc6+ 34. Kg1 Rd7 35. Rxd7 Qxd7 36. Qe5 a6 37. Kg2 h5 38. a3 Qc6+ 39.
f3 b5 40. Qb8+ Kh7 41. cxb5 axb5 42. g4 hxg4 43. Qh2+ Kg7 44. Qe5+ f6 45. Qb8 Qxf3+ 0-1

[Event "Live Chess"]
[Site "Chess.com"]
[Date "2024.06.01"]
[Round "-"]
[White "DarranAS"]
[Black "Tatarinov_Maxim"]
[Result "0-1"]
[WhiteElo "1598"]
[BlackElo "2282"]
[TimeControl "300"]
[EndTime "10:06:52 PDT"]
[Termination "Tatarinov_Maxim won by resignation"]

1. Nf3 Nf6 2. d4 g6 3. g3 Bg7 4. c3 O-O 5. Bg2 d6 6. O-O c5 7. d5 Na6 8. Re1 Nc7 9. e4 b5 10. b3 b4 11. Bb2 a5 12. c4 a4 13. Nbd2 a3 14. Bxf6 Bxf6 15. Rc1 e6 16. Qc2 exd5 17. cxd5 Nb5 18. e5 dxe5 19. Nxe5 Nc3 20. Nc6 Qc7 21. Re3 Bf5 22. Be4 Bg5 23. Rxc3 bxc3 24.
Bxf5 Bxd2 25. Be4 Bxc1 26. Qxc1 Rae8 27. f3 f5 28. Bd3 Qg7 29. Bc4 Kh8 30. Qc2 Re1+ 31.
Kf2 Rfe8 32. f4 Rh1 33. Kg2 Ree1 34. d6 Reg1+ 35. Kf2 Rxh2+ 36. Kxg1 Rxc2 37. d7 Qxd7 38. Ne5 Qd1+ 39. Bf1 Rc1 40. Nf7+ Kg7 0-1

[Event "Live Chess"]
[Site "Chess.com"]
[Date "2024.06.01"]
[Round "-"]
[White "LaupMiths"]
[Black "DJ_Lambton"]
[Result "1-0"]
[WhiteElo "1825"]
[BlackElo "1776"]
[TimeControl "300"]
[EndTime "10:07:09 PDT"]
[Termination "LaupMiths won by resignation"]

1. d4 d5 2. Nf3 c6 3. g3 Nf6 4.
Bg2 Bf5 5. O-O e6 6. b3 Nbd7 7.
Bb2 Be7 8. c4 Rc8 9. Nc3 O-O 10.
e3 c5 11. cxd5 cxd4 12. Nxd4 Bg6 13. dxe6 Nc5 14. exf7+ Bxf7 15. Rc1 Qb6 16. Nf5 Bd8 17. Nd5 Nxd5 18. Bxd5 Rc7 19. Bxg7 Re8 20. Qg4 Qg6 21.
Bxf7+ Kxf7 22. Qxg6+ hxg6 23. Nd6+ Kxg7 24. Nxe8+ 1-0

[Event "Live Chess"]
[Site "Chess.com"]
[Date "2024.06.01"]
[Round "-"]
[White "raimundklein"]
[Black "viktor_forever1994"]
[Result "1-0"]
[WhiteElo "1582"]
[BlackElo "1402"]
[TimeControl "300"]
[EndTime "10:07:21 PDT"]
[Termination "raimundklein won on time"]

1. e4 e5 2. Nf3 Nc6 3. Bc4 Nf6 4. d3 h6 5. c3 a6 6. O-O Bc5 7. d4 exd4 8. cxd4 Bb6 9. e5 Ng8 10.
Nc3 Nge7 11. d5 Nb8 12. d6 cxd6 13. exd6 Ng6 14. Re1+ Kf8 15. Qd5 Qf6 16. Ne4 Qe6 17. Qd3 Qf5 18. Qb3 Ba7 19. Bd5 Nc6 20. h3 Na5 21. Qa4 Qxd5 22. b3 b6 23. Ba3 Qc6 24. Qd4 b5 25. Qd3 Bb7 26. Rac1 Qd5 27. Qe2 Nf4 28. Qf1 f6 29. Rcd1 Qc6 30. Bb2 Kf7 31. Nd4 Bxd4 32. Bxd4 Rhe8 33. f3 Re6 34. g3 Ng6 35.
Qd3 Rae8 36. Kf2 Ne5 37. Qb1 Ng6 38. h4 Ne5 39. h5 Nxf3 40. Kxf3 Rxe4 41. Kf2 Rg4 42.
Rxe8 Kxe8 43. Re1+ Kf7 44. Qd3 Qg2+ 45. Ke3 Qxg3+ 46.
Kd2 1-0

[Event "Live Chess"]
[Site "Chess.com"]
[Date "2024.06.01"]
[Round "-"]
[White "hapehansen"]
[Black "Queensandpawns"]
[Result "0-1"]
[WhiteElo "2242"]
[BlackElo "2474"]
[TimeControl "300"]
[EndTime "10:07:21 PDT"]
[Termination "Queensandpawns won by resignation"]

1. c4 b5 2. cxb5 a6 3. bxa6 Bxa6 4. Nc3 Nf6 5. g3 d5 6. d4 c6 7. Bg2 Nbd7 8. Nf3 g6 9. O-O Bg7 10. b3 O-O 11. Bb2 Ne4 12. Rc1 c5 13. Nxd5 Rc8 14.
Ne5 Nxe5 15. dxe5 Ng5 16. Qd2 e6 17. h4 exd5 18. hxg5 d4 19. f4 Qd7 20. Ba3 Qb5 21. Bf3 Rfd8 22. Rc4 Qb6 23. Rfc1 Bxc4 24. Rxc4 Qb5 25.
Qc2 Bf8 26. b4 Ra8 27. Bxa8 Rxa8 28. Bc1 cxb4 29. Kf1 Qd5 30. Kg1 Qa5 31. Kh2 Qxa2 32.
Qxa2 Rxa2 33. Rxd4 Rxe2+ 34. Kh3 b3 35. Rd8 b2 0-1

[Event "Live Chess"]
[Site "Chess.com"]
[Date "2024.06.01"]
[Round "-"]
[White "McFim"]
[Black "Duke_of_Bebington"]
[Result "0-1"]
[WhiteElo "1572"]
[BlackElo "1605"]
[TimeControl "300"]
[EndTime "10:07:39 PDT"]
[Termination "Duke_of_Bebington won on time"]

1. e4 e5 2. Nf3 Nf6 3. Nxe5 d6 4. Nf3 Nxe4 5. d3 Nf6 6. d4 d5 7.
Bd3 Bd6 8. O-O O-O 9. Bg5 Nbd7 10. Re1 c6 11. Nbd2 Qb6 12. Rb1 h6 13. Bh4 c5 14.
dxc5 Bxc5 15. Nb3 Rd8 16. c3 a6 17. Nxc5 Nxc5 18. Bc2 Nce4 19. Nd4 Bd7 20. Qd3 Bb5 21.
Nxb5 Qxb5 22. Qxb5 axb5 23. a3 g5 24. Bg3 Re8 25.
Bd3 Nd2 26. Rbd1 Nc4 27. b3 Nxa3 28. Rxe8+ Rxe8 29. Ra1 b4 30. cxb4 Ra8 31. Be5 Ne4 32.
Bb2 Nd2 33. Rxa3 Rxa3 34. Bxa3 Nxb3 35. Bb2 f5 36. Bxf5 Kf7 37. Bc2 Nd2 38. Bc3 Nc4 39. b5 Ke6 40. h3 Kd7 41. Bg7 h5 42. Bf5+ Kc7 43. Bf6 Kb6 44. Bxg5 Kxb5 45. Bg6 Kc5 46.
Bxh5 b5 47. Be7+ Kc6 48. Bf7 Ne5 49. Be6 d4 50. h4 d3 51. Bb3 d2 52. Kf1 Ng4 53. f3 Ne3+ 54. Ke2 Nxg2 55. h5 Nf4+ 56. Kxd2 Nxh5 0-1

[Event "Live Chess"]
[Site "Chess.com"]
[Date "2024.06.01"]
[Round "-"]
[White "14141409"]
[Black "Ninifu"]
[Result "1-0"]
[WhiteElo "2562"]
[BlackElo "2052"]
[TimeControl "300"]
[EndTime "10:07:46 PDT"]
[Termination "14141409 won by resignation"]

1. e4 d5 2. exd5 Nf6 3. Nc3 Nxd5 4.
Bc4 Nxc3 5. Qf3 e6 6. dxc3 Qf6 7. Qe2 Be7 8. Nf3 Nc6 9. g4 h6 10.
h4 Bd6 11. g5 Qe7 12. Be3 Bd7 13. O-O-O O-O-O 14. Nd4 e5 15. Nxc6 Bxc6 16. Rhg1 h5 17.
g6 Qf6 18. Bg5 Bf3 19. Bxf6 Bxe2 20. Bxe2 gxf6 21. g7 Rhg8 22. Bxh5 Rd7 23. Bg4 Kd8 24. Bxd7 Kxd7 25. h5 1-0

[Event "Live Chess"]
[Site "Chess.com"]
[Date "2024.06.01"]
[Round "-"]
[White "halfberg"]
[Black "CennyddB"]
[Result "1-0"]
[WhiteElo "1901"]
[BlackElo "1133"]
[TimeControl "300"]
[EndTime "10:07:55 PDT"]
[Termination "halfberg won by resignation"]

1. e4 c5 2. Nf3 Nc6 3. d4 cxd4 4. Nxd4 e5 5. Nb5 d6 6. N1c3 Nf6 7. Nd5 Nxd5 8.
exd5 Nb8 9. c4 a6 10. Qa4 Bd7 11. Qa3 Be7 12. Nxd6+ Bxd6 13. Qxd6 Qe7 14. Qxe7+ Kxe7 15. Be3 Rc8 16. Be2 a5 17. O-O Na6 18. f4 f6 19.
fxe5 fxe5 20. Bg5+ Kd6 21. Rf7 Rg8 22. Be7+ Kc7 23.
Rc1 Be8 24. d6+ Kc8 25. Bg4+ Bd7 26. Bf3 Be8 27. Rf8 Rxf8 28. Bxf8 Kd7 29. c5 Rc8 30.
Bg4+ Kd8 31. Bxc8 Kxc8 32. Bxg7 1-0

[Event "Live Chess"]
[Site "Chess.com"]
[Date "2024.06.01"]
[Round "-"]
[White "jumush"]
[Black "Brooms1989"]
[Result "1-0"]
[WhiteElo "1742"]
[BlackElo "1067"]
[TimeControl "300"]
[EndTime "10:07:58 PDT"]
[Termination "jumush won by resignation"]

1. e4 e5 2. Nc3 Nf6 3. Bc4 Nxe4 4.
Qh5 Nd6 5. Qxe5+ Qe7 6. Qxe7+ Bxe7 7. Bb3 Nf5 8. Nf3 O-O 9. O-O d6 10. d4 Nc6 11. d5 Ne5 12. Nd2 Nd4 13. f4 Nxb3 14.
Nxb3 Ng6 15. Be3 Bf5 16. Nd4 Bd7 17. Rae1 Rfe8 18. Nf3 a6 19. Rf2 b5 20. a3 Bf5 21.
Nd4 Bd7 22. f5 Ne5 23. Bf4 f6 24. Rfe2 c5 25. dxc6 Bc8 26. Nd5 Ra7 27. h3 Rf8 28. g4 a5 29. b3 b4 30. Nb5 Nf3+ 31. Kf2 Nxe1 32. Kxe1 Ra8 33. Nxe7+ 1-0

[Event "Live Chess"]
[Site "Chess.com"]
[Date "2024.06.01"]
[Round "-"]
[White "Crowded_House"]
[Black "Mangoalo"]
[Result "1/2-1/2"]
[WhiteElo "1739"]
[BlackElo "1000"]
[TimeControl "300"]
[EndTime "10:08:04 PDT"]
[Termination "Game drawn by agreement"]

1. d4 c5 2. c3 Nc6 3. dxc5 Nf6 4. Bg5 e6 5. e3 Bxc5 6. Bd3 h6 7. Bh4 O-O 8. Nf3 d5 9. O-O b5 10. Nbd2 b4 11. Nb3 Bb6 12. Rc1 Bb7 13. Bg3 Rc8 14. Nfd4 Nxd4 15. Nxd4 bxc3 16. Rxc3 Rxc3 17. bxc3 Bxd4 18.
cxd4 Ne4 19. Bxe4 dxe4 20. Qb1 Bd5 21. a3 f5 22. Be5 Qg5 23. Bf4 Qg6 24. Qb5 h5 25. h4 Qg4 26. g3 Kh7 27. Re1 Rf7 28.
Qe2 Qg6 29. Qa6 1/2-1/2

[Event "Live Chess"]
[Site "Chess.com"]
[Date "2024.06.01"]
[Round "-"]
[White "f4nomore"]
[Black "ACM42"]
[Result "0-1"]
[WhiteElo "1193"]
[BlackElo "2212"]
[TimeControl "300"]
[EndTime "10:08:08 PDT"]
[Termination "ACM42 won by resignation"]

1. d4 Nf6 2. Bg5 Ne4 3. Bf4 d5 4. f3 Nd6 5. c3 g6 6. e3 Bg7 7. Ne2 O-O 8. g3 b6 9. Bg2 c5 10. O-O Nc6 11. e4 cxd4 12. e5 Nxe5 13. cxd4 Nc6 14.
Be3 Ba6 15. Nbc3 Rc8 16. Qc1 Nf5 17. Bf2 Ncxd4 18. Bxd4 Nxd4 19. Re1 Nxe2+ 20. Nxe2 Rxc1 21.
Raxc1 Bxb2 0-1

[Event "Live Chess"]
[Site "Chess.com"]
[Date "2024.06.01"]
[Round "-"]
[White "defenderalist"]
[Black "Bazzza132"]
[Result "0-1"]
[WhiteElo "1495"]
[BlackElo "1679"]
[TimeControl "300"]
[EndTime "10:08:32 PDT"]
[Termination "Bazzza132 won by resignation"]

1. e4 e5 2. f4 exf4 3. Nf3 Nf6 4.
e5 Nh5 5. Bc4 d5 6. exd6 Bxd6 7. O-O O-O 8. d4 Qf6 9. Ne5 Bxe5 10. dxe5 Qxe5 11. Nc3 Qc5+ 12. Kh1 Ng3+ 13. hxg3 Qxc4 14. Rxf4 Qc5 15. Ne4 Qc6 16. Rh4 Bf5 17.
Ng5 Bxc2 18. Qf1 Na6 19. Bd2 Rad8 20. Bc3 Bd3 21. Qf4 h6 22. Nf3 Nc5 23. Ne5 Qe6 24.
Re1 g5 25. Qg4 Qxg4 26. Rxg4 Bf5 27. Rc4 Ne4 28. Rxc7 Nxc3 29. bxc3 Rd2 30. g4 Be6 31. Nd7 Bxd7 32. Rxb7 Bc6 33. Rxa7 Rxg2 0-1

[Event "Live Chess"]
[Site "Chess.com"]
[Date "2024.06.01"]
[Round "-"]
[White "GEMdzq"]
[Black "Dhaydon19"]
[Result "0-1"]
[WhiteElo "2360"]
[BlackElo "2703"]
[TimeControl "300"]
[EndTime "10:08:38 PDT"]
[Termination "Dhaydon19 won by resignation"]

1. e4 e6 2. d4 d5 3. Nc3 dxe4 4.
Nxe4 Be7 5. Nf3 Nd7 6. Bd3 Ngf6 7.
Nxf6+ Nxf6 8. Bg5 O-O 9. O-O b6 10.
Bxf6 Bxf6 11. Qe2 Bb7 12. Rad1 Qd5 13. Bc4 Qf5 14. c3 Rad8 15. Rfe1 Rd6 16. Ne5 Rfd8 17. Bd3 Qg5 18. f3 c5 19. Be4 Bxe4 20. Qxe4 Bxe5 21. Qxe5 Qxe5 22. Rxe5 cxd4 23. cxd4 Rxd4 24. Rxd4 Rxd4 25.
Re2 Kf8 26. Rc2 Ke7 27. Rc7+ Rd7 28. Rc2 f5 29. f4 h6 30. Kf2 g5 31. g3 Kf6 32. Ke3 g4 33. Rc8 Rh7 34. Rf8+ Ke7 35.
Ra8 Kd6 36. Rd8+ Ke7 37. Ra8 Kf6 38. Rf8+ Rf7 39. Rh8 Kg6 40. Re8 Kf6 41. Rh8 Re7 42. Rxh6+ Kg7 43. Rh5 Rc7 44. Kd2 Rd7+ 45. Ke2 Rd5 46.
Rg5+ Kf7 47. Rh5 Ra5 48. a3 Rb5 49. b4 a5 50. Rh7+ Kg6 51. Rb7 axb4 52. a4 Ra5 53. Rxb6 Rxa4 54. Rxe6+ Kf7 55. Ra6 Rxa6 0-1

[Event "Live Chess"]
[Site "Chess.com"]
[Date "2024.06.01"]
[Round "-"]
[White "NeilDruggan73"]
[Black "booktrunk"]
[Result "1-0"]
[WhiteElo "1750"]
[BlackElo "1387"]
[TimeControl "300"]
[EndTime "10:08:40 PDT"]
[Termination "NeilDruggan73 won by resignation"]

1. d4 e6 2. Nf3 b6 3. Bg5 Be7 4. h4 Bxg5 5. hxg5 Nc6 6. g6 Nh6 7. gxf7+ Nxf7 8. e3 Bb7 9. c3 Ne7 10. Bd3 h6 11. Nbd2 Nd5 12. a3 Nf6 13. Bg6 Qe7 14. Ne5 Rf8 15. Qa4 Kd8 16. Nxf7+ Rxf7 17. Bxf7 Qxf7 18.
f3 Nd5 19. Kf2 Qg6 20. Qd1 Qd3 21. Re1 a6 22. c4 Nf6 23. Ne4 Qxd1 24. Raxd1 Nxe4+ 25. fxe4 Bxe4 26. Kg3 Ke7 27. Rf1 Rg8 28. Rf4 Bg6 29.
b4 Bc2 30. Rdf1 Bg6 31. e4 Ra8 32. c5 bxc5 33. bxc5 Re8 34. d5 exd5 35. exd5 Kd8 36. Rf8 Bd3 37. Rxe8+ Kxe8 38. Re1+ Kf7 39. d6 cxd6 40.
cxd6 g6 41. Re7+ Kf8 42. Rxd7 Bb5 43. Ra7 h5 44. Kf4 Bc6 45. g3 Bb5 46. Kg5 Bd3 47. Kf6 Ke8 48. Ke6 Bc4+ 49. Ke5 Bd3 50. Kd4 Bf5 51. Rxa6 Bc8 52. Ra7 Kd8 53. Ke5 Bf5 54. Kf6 Be4 55. a4 Bd3 56. a5 Be4 57. Ke5 Bc6 58.
Ke6 Be4 59. Rg7 Bc6 60. Rg8+ Be8 61. d7 1-0

[Event "Live Chess"]
[Site "Chess.com"]
[Date "2024.06.01"]
[Round "-"]
[White "degringolade64"]
[Black "Pizzaman313"]
[Result "1-0"]
[WhiteElo "2041"]
[BlackElo "1211"]
[TimeControl "300"]
[EndTime "10:08:41 PDT"]
[Termination "degringolade64 won by resignation"]

1. e4 e5 2. Nf3 Nc6 3. Bc4 Bc5 4. b4 Bxb4 5. c3 Be7 6. d4 exd4 7. Qb3 Kf8 8. Bxf7 Na5 9. Qa4 Kxf7 10. Qxa5 dxc3 11. Nxc3 Nf6 12. e5 Ne8 13. Qd5+ Kf8 14. O-O h6 15. Re1 c6 16. Qe4 d5 17. exd6 Qxd6 18. Bf4 Qa3 19. Rac1 Nf6 20. Qg6 Bb4 21. Ne4 Nxe4 22. Rxe4 Bd7 23.
Rxb4 Qxb4 24. Bd6+ Qxd6 25. Qxd6+ 1-0

[Event "Live Chess"]
[Site "Chess.com"]
[Date "2024.06.01"]
[Round "-"]
[White "Velocity"]
[Black "TheSmoulderingMaster"]
[Result "1-0"]
[WhiteElo "1721"]
[BlackElo "1739"]
[TimeControl "300"]
[EndTime "10:08:46 PDT"]
[Termination "Velocity won by resignation"]

1. e4 c5 2. Nf3 d6 3. d4 cxd4 4. Nxd4 Nf6 5. Nc3 g6 6. Be3 Bg7 7. f3 O-O 8. Qd2 Nc6 9. Bc4 Ne5 10. Bb3 Bd7 11. O-O-O Qa5 12. Kb1 Rfc8 13. Nd5 Qd8 14. Nxf6+ Bxf6 15. g4 Nc4 16. Bxc4 Rxc4 17. h4 Rac8 18.
c3 Qa5 19. g5 Bg7 20. h5 b5 21.
hxg6 fxg6 22. f4 b4 23. cxb4 Rxb4 24. a3 Qxa3 25. f5 Bxd4 26. Bxd4 Rcb8 27. fxg6 hxg6 28. Rh8+ Kf7 29. Rf1+ Bf5 30. Rxb8 Rxb8 31. exf5 gxf5 32. Rxf5+ Kg6 33. Qc2 Kh7 34. Rf7+ 1-0

[Event "Live Chess"]
[Site "Chess.com"]
[Date "2024.06.01"]
[Round "-"]
[White "Enhard"]
[Black "MellowAesthetic"]
[Result "0-1"]
[WhiteElo "1424"]
[BlackElo "2068"]
[TimeControl "300"]
[EndTime "10:08:53 PDT"]
[Termination "MellowAesthetic won by resignation"]

1. d4 Nf6 2. Bg5 Ne4 3. Bf4 c5 4.
d5 Qb6 5. f3 Qxb2 6. Nd2 Nc3 7.
Qc1 Qxc1+ 8. Rxc1 Nxd5 9. Bg3 Nc6 10. Nc4 b5 11. e4 Nc3 12. Ne3 e6 13. Ne2 Nxa2 14. Ra1 Nab4 15. Nc3 Nd4 16. Nxb5 Ndxc2+ 17. Nxc2 Nxc2+ 18. Kd1 Nxa1 19. Nc7+ Kd8 20. Nxa8 d6 21. Bb5 Bb7 22. Kd2 Nb3+ 23. Kc3 Nd4 24. Bf2 Nxb5+ 0-1

[Event "Live Chess"]
[Site "Chess.com"]
[Date "2024.06.01"]
[Round "-"]
[White "Cruiseylee78"]
[Black "KeithArkell"]
[Result "0-1"]
[WhiteElo "1652"]
[BlackElo "2516"]
[TimeControl "300"]
[EndTime "10:08:57 PDT"]
[Termination "KeithArkell won by resignation"]

1. d4 e6 2. Bf4 Nf6 3. e3 c5 4.
Nf3 cxd4 5. exd4 Be7 6. Bd3 b6 7. c3 Ba6 8. Bxa6 Nxa6 9. Qc2 Nc7 10. Nbd2 d6 11. O-O-O b5 12. Kb1 Ncd5 13. Bg3 O-O 14. h4 Qa5 15. h5 Rfc8 16. Qb3 h6 17. Bh4 Rc6 18. Rhg1 Rac8 19. Bxf6 Bxf6 20. Rc1 Nf4 21. Qd1 Nd3 22. Rc2 b4 23. c4 Qa6 24. Ne4 b3 25.
Nxf6+ gxf6 26. axb3 Nb4 27. Kc1 Nxc2 28. Qxc2 Rxc4 29. Qxc4 Rxc4+ 30. bxc4 Qxc4+ 31. Kb1 Qe2 32. Re1 Qxf2 33. d5 e5 34. b4 Qb6 0-1